AoeStats
← 牛欢喜

Nomad

505068882Analyzed
4v4 RM · 26d ago on Sep 7, 2026· 43m 4s· 8 players
Game mode
Random Map
Map size
231×231
Population
200
Speed
Normal
Resources
Standard
Victory
Conquest
Starting age
Dark Age
Ending age
Imperial Age
RankedLock teamsTeams togetherTeam positionsShared explorationLock speedFull tech treeHidden civsTurbo modeCheats
Victory
Defeat
🇬🇧 Japanese · United Kingdom
1688
+12
🇫🇮 Persians · Finland
1602
+15
🇺🇸 Byzantines · United States
1597
+16
🇨🇿 Jurchens · Czechia
1562
+16
🇭🇰 Wu · Hong Kong SAR China
1613
-16
🇦🇷 Japanese · Argentina
1600
-15
🇨🇳 Franks · China
1596
-15
🇨🇳 Berbers · China
1545
-13
busy pushing deer
2:57 Loom
17:47 Feudal Age
21:28 Castle Age
19:55 Double-Bit Axe
20:01 Gold Mining
23:37 Bow Saw
26:11 Medium Warships
30:29 Demolition Ship
31:28 Siphons
32:41 Ballistics
32:01 Treadmill Crane
32:53 Elite Skirmisher
33:33 Fletching
33:54 Horse Collar
35:17 Bodkin Arrow
36:01 Padded Archer Armor
37:12 Leather Archer Armor
37:48 Wheelbarrow
37:33 Heavy Plow
41:23 Imperial Age
39:27 Hand Cart
40:11 Gold Shaft Mining
42:12 Bracer
42:43 Ring Archer Armor
43:18 Chemistry
43:19 Two-Man Saw
43:45 Crop Rotation
43:23 Scale Barding Armor
43:29 Forging
SNWY4
5:40 Loom
12:46 Feudal Age
13:20 Town Watch
16:43 Castle Age
18:26 Double-Bit Axe
18:54 Fletching
22:46 Horse Collar
23:26 Scale Mail Armor
25:24 Bow Saw
28:37 Chain Mail Armor
38:12 Wheelbarrow
43:58 Imperial Age
43:49 Forging
thaebS
10:59 Loom
14:29 Feudal Age
15:27 Fishing Lines
18:38 Castle Age
19:52 Medium Warships
20:43 Double-Bit Axe
21:41 Bow Saw
23:26 Gillnets
26:54 Wheelbarrow
26:06 Town Watch
30:49 Gold Mining
30:50 Stone Mining
32:37 Horse Collar
35:28 Imperial Age
39:07 Fletching
40:07 Bloodlines
39:59 Husbandry
40:08 Elite Skirmisher
40:18 Cavalier
43:43 Conscription
Datel
4:57 Loom
14:43 Feudal Age
18:26 Castle Age
17:05 Double-Bit Axe
21:40 Scale Barding Armor
21:24 Town Watch
24:34 Chain Barding Armor
26:14 Forging
27:56 Fishing Lines
30:19 Gillnets
31:53 Wheelbarrow
35:52 Imperial Age
33:59 Bloodlines
34:45 Gold Mining
34:48 Stone Mining
35:29 Husbandry
36:00 Elite Steppe Lancer
37:22 Plate Barding Armor
38:39 Hand Cart
39:19 Iron Casting
40:37 Conscription
43:14 Conscription
42:56 Fletching
44:35 Blast Furnace
martincho
4:32 Loom
13:44 Feudal Age
19:36 Castle Age
18:19 Gold Mining
18:29 Fishing Lines
19:53 Double-Bit Axe
21:00 Gillnets
22:11 Medium Warships
23:42 Wheelbarrow
24:39 Medium Warships
26:00 Gold Shaft Mining
25:37 Bow Saw
27:41 Fletching
29:57 Scale Mail Armor
31:24 Horse Collar
34:51 Chain Mail Armor
34:46 Forging
34:37 Squires
34:23 Gambesons
35:38 Hand Cart
35:08 Town Watch
36:11 Arson
37:01 Iron Casting
37:00 Ballistics
40:25 Imperial Age
38:08 Pikeman
39:33 Murder Holes
39:34 Bodkin Arrow
40:55 Capped Ram
42:09 Plate Mail Armor
42:39 Blast Furnace
42:01 Conscription
41:10 Halberdier
42:33 Elite Samurai
咸酸菜
5:00 Loom
14:00 Feudal Age
17:56 Castle Age
16:11 Double-Bit Axe
17:18 Scale Barding Armor
19:13 Chain Barding Armor
34:50 Scale Mail Armor
牛欢喜
4:23 Loom
13:04 Feudal Age
21:28 Castle Age
21:33 Double-Bit Axe
21:40 Fletching
21:38 Town Watch
24:36 Bodkin Arrow
37:37 Padded Archer Armor
38:00 Horse Collar
42:11 Wheelbarrow
43:20 Heavy Plow
OmegaJ256
14:09 Feudal Age
17:39 Castle Age
16:08 Double-Bit Axe
17:26 Gold Mining
18:52 Medium Warships
18:57 Forging
18:49 Fletching
18:52 Loom
20:07 Bodkin Arrow
21:00 Bow Saw
26:56 Horse Collar
28:50 Ballistics
38:25 Imperial Age
36:25 Padded Archer Armor
36:20 Stone Mining
37:25 Red Cliffs Tactics
39:04 Leather Archer Armor
38:34 Elite Fire Archer
40:24 Chemistry
40:21 Leather Archer Armor
40:06 Bracer
Connection lost

Rejoining the realm…

Still unreachable

The connection could not be restored.

Session expired

The server has moved on; the page needs a fresh start.